 Dungeon Crawl Stone Soup version 0.28.0-1-gb440e238dd (webtiles) character file.

Game seed: 10629389230102828132

102 issech the Cudgeller (level 4, -1/45 HPs)
             Began as a Troll Monk on Feb 26, 2022.
             Slain by a scorpion (2 damage)
             ... on level 3 of the Dungeon.
             The game lasted 00:08:46 (2075 turns).

issech the Cudgeller (Troll Monk)                   Turns: 2075, Time: 00:08:47

Health: -1/45      AC:  4    Str: 19    XL:     4   Next: 50%
Magic:  3/3        EV: 10    Int:  6    God:
Gold:   110        SH:  0    Dex: 14    Spells: 3/3 levels left

rFire   . . .      SeeInvis .   a - +0 mace
rCold   . . .      Faith    .   (no shield)
rNeg    . . .      Spirit   .   b - +0 robe
rPois   .          Reflect  .   (helmet restricted)
rElec   .          Harm     .   (no cloak)
rCorr   .          Rampage  .   (gloves unavailable)
Will    .....                   (boots unavailable)
Stlth   ++........              (no amulet)
HPRegen 0.95/turn               (no ring)
MPRegen 0.08/turn               (no ring)

@: lethally poisoned (-1 -> -1)
A: large, unfitting armour, claws 3, regeneration 1, shaggy fur 1, tough skin 1
a: no special abilities


You were on level 3 of the Dungeon.
You visited 1 branch of the dungeon, and saw 3 of its levels.

You collected 110 gold pieces.

Inventory:

Hand Weapons
 a - a +0 mace (weapon)
 f - a +0 hunting sling
Missiles
 c - 19 stones (quivered)
 d - 3 large rocks
 h - 18 sling bullets
 k - 24 arrows
 m - 4 poisoned darts
Armour
 b - a +0 robe (worn)
Scrolls
 e - 2 scrolls of fear
 g - 2 scrolls of identify
 i - a scroll of summoning
 l - a scroll of enchant weapon
 n - a scroll of teleportation {unknown}
Potions
 j - 3 potions of curing


   Skills:
 + Level 3.1 Fighting
 + Level 3.6 Maces & Flails
 + Level 3.1 Dodging
 + Level 1.1 Stealth


You had 3 spell levels left.
You didn't know any spells.
Your spell library was empty.

Dungeon Overview and Level Annotations

Branches:
Dungeon (3/15)

Altars:
Qazlal

Shops:
D:2 =*


Innate Abilities, Weirdness & Mutations

You are too large for most types of armour.
You have claws for hands.
Your natural rate of healing is unusually fast.
You are covered in fur. (AC +1)
You have tough skin. (AC +1)


Message History

n - a scroll labelled INKYBO MYPEI
There is a stone staircase leading up here.
A scorpion comes into view.
The scorpion closely misses you.
You barely miss the scorpion.
The scorpion stings you but does no damage.
You completely miss the scorpion. The scorpion stings you.
The scorpion closely misses you.
You hit the scorpion.
The scorpion is lightly wounded.
The scorpion stings you but does no damage.
You hit the scorpion but do no damage.
The scorpion is lightly wounded.
The scorpion stings you!
You are poisoned.
The scorpion poisons you! The scorpion barely misses you.
You hit the scorpion but do no damage.
The scorpion is lightly wounded.
You feel very sick. The scorpion stings you.
You hit the scorpion but do no damage.
The scorpion is lightly wounded.
You feel sick. The scorpion barely misses you. The scorpion stings you.
You are more poisoned.
The scorpion poisons you!
You feel very sick.
You feel very sick.
You feel sick.
You feel sick.
You feel sick.
You barely miss the scorpion.
The scorpion is lightly wounded.
You feel sick. The scorpion stings you.
* * * LOW HITPOINT WARNING * * *
The scorpion stings you!
* * * LOW HITPOINT WARNING * * *
You feel sick.
You feel sick.
You feel sick. The scorpion stings you.
You die...

..#..###...)...##....###..###
..#...............##........#
#.#...###.........##........#
.......#####.#....###.......##
#...>..#####.#....# #........#
..........##.#....# ########.#
##...........#....# .####
###.##.#....#....##########....#
#.##..#......@s..........###.#
...#..#.........########..# ..
......##.........# ##.###.
.....####.........# #...s.
.[....# ########### #####.
......# ##


You could see a scorpion.

Vanquished Creatures
  3 gnolls
  2 adders (D:2)
  2 worms
  A dart slug (D:2)
  4 ball pythons
  6 bats
  5 endoplasms
  A giant cockroach (D:3)
  3 goblins
  6 hobgoblins
  2 quokkas (D:1)
  3 frilled lizards (D:2)
  4 kobolds
  4 rats
46 creatures vanquished.

Notes
Turn   | Place    | Note
-------+----------+-------------------------------------------
     0 | D:1      | issech the Troll Monk began the quest for the Orb.
     0 | D:1      | Reached XP level 1. HP: 22/22 MP: 0/0
   298 | D:1      | Reached XP level 2. HP: 24/29 MP: 1/1
   708 | D:2      | Reached XP level 3. HP: 36/36 MP: 2/2
   724 | D:2      | Found Fyskaecw's Assorted Antiques.
   974 | D:2      | Found Ojaos's Jewellery Emporium.
  1141 | D:2      | Reached XP level 4. HP: 17/44 MP: 3/3
  1718 | D:3      | Found a stormy altar of Qazlal.
  1818 | D:3      | Found a faded altar of an unknown god.
  2047 | D:3      | Noticed a scorpion
  2072 | D:3      | HP: 1/45 [scorpion (7)]
  2075 | D:3      | Slain by a scorpion

Illustrated notes

Levels and vault maps discovered:
D:1:      nicolae_arrival_somewhat_less_tricky_arrival, layout_rooms,
          st_stairs_9
D:2:      layout_loops_ring, serial_shops, shop_statue, shop,
          minmay_misc_feat_enclosed
D:3:      layout_rooms, mainiacjoe_overflow_surrounded_room,
          dreamdust_ecumenical_altar_grove

Skill      XL: |  1  2  3  4 |
---------------+-------------+-----
Maces & Flails | 3 |  3.6
Dodging        | 3 |  3.1
Fighting       | 3 |  3.1
Stealth        | |  1.1

Action                   |  1- 3 |  4- 6 || total
-------------------------+-------+-------++-------
Melee: Mace              |   120 |    75 ||   195
       Punch             |     2 |     1 ||     3
  Use: Scroll            |       |     3 ||     3
 Stab: Sleeping          |     2 |     2 ||     4
Armor: Robe              |    49 |    39 ||    88
Dodge: Dodged            |    78 |    40 ||   118
